 Dungeon Crawl Stone Soup version 0.30.0-12-gd5a94ecb5d (webtiles) character file.

Game seed: 12629398352595579392

47 Thargor the Vexing (level 3, -3/21 HPs)
             Began as a Kobold Hexslinger on May 17, 2023.
             Killed from afar by Natasha (5 damage)
             ... with a puff of flame
             ... on level 2 of the Dungeon.
             The game lasted 00:06:49 (1071 turns).

Thargor the Vexing (Kobold Hexslinger)              Turns: 1071, Time: 00:06:49

Health: -3/21      AC:  3    Str:  7    XL:     3   Next: 97%
Magic:  2/5        EV: 15    Int: 14    God:
Gold:   41         SH:  0    Dex: 17    Spells: 1/5 levels left

rFire   . . .        b - +0 dagger
rCold   . . .        (no shield)
rNeg    . . .        c - +0 robe
rPois   .            (no helmet)
rElec   .            (no cloak)
rCorr   .            (no gloves)
SInv    .            i - +0 pair of boots
Will    .....        (no amulet)
Stlth   +++          (no ring)
HPRegen 0.23/turn    (no ring)
MPRegen 0.09/turn

%: no passive effects
@: slowed, very slow
A: small, no large weapons, nightstalker 3
a: no special abilities


You were on level 2 of the Dungeon.
You visited 1 branch of the dungeon, and saw 2 of its levels.

You collected 41 gold pieces.

Inventory:

Hand Weapons
 a - a +1 sling
 b - a +0 dagger (weapon)
Armour
 c - a +0 robe (worn)
 i - a +0 pair of boots (worn)
Scrolls
 d - a scroll of amnesia {unknown}
 g - a scroll of poison
 h - 2 scrolls of blinking {unknown}
 k - a scroll of teleportation {unknown}
 l - 4 scrolls of identify {unknown}
 m - a scroll of silence {unknown}
 o - a scroll of torment {unknown}
Potions
 e - a potion of mutation {unknown}
 f - a potion of might {unknown}
 j - 2 potions of resistance {unknown}
 n - a potion of curing


   Skills:
 + Level 1.7 Fighting
 + Level 1.2 Short Blades
 + Level 3.0 Ranged Weapons
 + Level 2.8 Dodging
 + Level 1.7 Stealth
 + Level 1.5 Spellcasting
 + Level 3.3 Hexes


You had one spell level left.
You knew the following spells:

 Your Spells              Type           Power      Damage    Failure   Level
a - Slow                  Hex            40%        N/A       6%          1
b - Portal Projectile     Hex/Tloc       10%        N/A       36%         3

Your spell library contained the following spells:

 Spells                   Type           Power      Damage    Failure   Level
 Shock                    Conj/Air       4%         1d3       26%         1
 Inner Flame              Hex/Fire       5%         N/A       36%         3
 Cause Fear               Hex            5%         N/A       54%         4
 Hailstorm                Conj/Ice       1%         3d3       58%         3


Dungeon Overview and Level Annotations

Branches:
Dungeon (2/15)

Altars:

Annotations:
D:2 Natasha


Innate Abilities, Weirdness & Mutations

You are small and have problems with some larger weapons.
You are completely attuned to the shadows.


Message History

Natasha is almost dead.
Natasha zaps a wand.
The puff of flame hits you.
* * * LOW HITPOINT WARNING * * *
Natasha mumbles some strange words.
Natasha shimmers violently.
Natasha attacks as you move away! Natasha claws you.
* * * LOW HITPOINT WARNING * * *
There is a shaft here.
It was a potion of curing.
You feel better.
Natasha zaps a wand.
The puff of flame hits you.
Casting: Slow (safe; 6% risk of failure)
Confirm with . or Enter, or press ? or * to list all spells.
Aiming: Slow (safe; 6% risk of failure)
Press: ? - help, Shift-Dir - straight line, f - Natasha
Aim: Natasha, carrying a wand of flame (5) (almost dead, chance to affect: 44%) Natasha resists with some effort.
Natasha mumbles some strange words.
Casting: Slow (safe; 6% risk of failure)
Confirm with . or Enter, or press ? or * to list all spells.
Aiming: Slow (safe; 6% risk of failure)
Press: ? - help, Shift-Dir - straight line, f/p - Natasha
Aim: Natasha, carrying a wand of flame (5) (almost dead, chance to affect: 44%) Natasha resists with some effort.
Natasha barely misses you. The cerulean imp misses you.
Casting: Slow (safe; 6% risk of failure)
Confirm with . or Enter, or press ? or * to list all spells.
Aiming: Slow (safe; 6% risk of failure)
Press: ? - help, Shift-Dir - straight line, f/p - Natasha
Aim: Natasha, carrying a wand of flame (5) (almost dead, chance to affect: 44%) Natasha resists with some effort.
Natasha stares at you and mumbles some strange words.
You feel yourself slow down. The cerulean imp closely misses you.
You closely miss Natasha.
Natasha is almost dead.
Natasha zaps a wand.
The puff of flame hits you!
* * * LOW HITPOINT WARNING * * *
The cerulean imp hits you from afar with a +1 spear.
* * * LOW HITPOINT WARNING * * *
Natasha zaps a wand.
The puff of flame hits you.
You die...

#####..#.# #.. ##.#.#
#.. #...####### .l..[#
#.......... ........#
#.....##### ........#
########..# #
.....B..###.........## #
............#######..###
...!.5h@....# ##..##
.######.....# ##.##
#.♣♣♣♣♣ #.## #.♣
#######.## #..
.......... .........#
.........# ....†....#
.........#


You could see Natasha, a cerulean imp (summoned) and a giant cockroach.

Vanquished Creatures
  2 worms (D:2)
  3 dart slugs (D:1)
  2 ball pythons (D:1)
  2 bats (D:1)
  2 endoplasms (D:1)
  4 goblins (D:1)
  3 hobgoblins (D:1)
  3 jackals (D:1)
  3 quokkas (D:1)
  3 frilled lizards
  3 kobolds (D:1)
  3 rats
33 creatures vanquished.

Notes
Turn   | Place    | Note
-------+----------+-------------------------------------------
     0 | D:1      | Thargor the Kobold Hexslinger began the quest for the Orb.
     0 | D:1      | Reached XP level 1. HP: 12/12 MP: 2/2
    25 | D:1      | Reached XP level 2. HP: 16/16 MP: 1/3
   164 | D:1      | Reached skill level 1 in Stealth
   255 | D:1      | Reached XP level 3. HP: 20/20 MP: 5/5
   760 | D:2      | Got Jiczi's Elucidation of the Volley
   825 | D:2      | Reached skill level 1 in Short Blades
   969 | D:2      | Learned a level 3 spell: Portal Projectile
  1051 | D:2      | Noticed Natasha
  1071 | D:2      | Killed from afar by Natasha

Illustrated notes

Levels and vault maps discovered:
D:1:      mrwooster_arrival_arrow, layout_rooms
D:2:      layout_basic, basic_altar, serial_forest,
          infiniplex_forest_straight_4, infiniplex_forest_lined_room_3,
          infiniplex_forest_straight_2, infiniplex_forest_clump_medium,
          infiniplex_forest_straight_4, uniq_natasha, uniq_sigmund

Skill      XL: |  1  2  3 |
---------------+----------+-----
Stealth        | 1 |  1.7
Ranged Weapons | 3 |  3.0
Short Blades   | 1 |  1.2
Fighting       | |  1.7
Dodging        | |  2.8
Spellcasting   | |  1.5
Hexes          | |  3.3

Action                     || total
---------------------------++-------
  Melee: Dagger            ||    31
   Fire: Sling             ||    79
   Cast: Slow              ||    10
    Use: Potion            ||     1
   Stab: Sleeping          ||     3
 Armour: Robe              ||    10
  Dodge: Dodged            ||    48
